Lightning vs Rangers
Created - December 11, 2017 at 19:32
Goals
|
Lightning |
1 |
1 |
1 |
3 |
Rangers |
2 |
3 |
1 |
6 |
|
Shots
|
Lightning |
19 |
9 |
9 |
37 |
Rangers |
12 |
13 |
13 |
38 |
|
1st period
1. Rangers , James Neal 17 (Jakob Silfverberg 11, Cam Barker 9) at 6:13
2. Rangers , Mike Cammalleri 6 (James Neal 17, Henrik Lundqvist) at 10:32 (PP)
3. Lightning , Jordan Nolan 4 (Henrik Zetterberg 18, Kris Versteeg 5) at 17:48
Penalties :
Alexei Emelin (NYR) for Tripping (Minor) at 3:50, Henrik Zetterberg (TB.) for Hooking (Minor) at 9:51, Jakob Silfverberg (NYR) for Holding (Minor) at 12:24
2nd period
4. Lightning , Henrik Zetterberg 12 (Kris Versteeg 6, Jordan Nolan 5) at 4:45
5. Rangers , Valtteri Filppula 3 (Mark Fistric 11, Henrik Lundqvist) at 17:22 (PP)
6. Rangers , James Neal 18 (Mark Fistric 12, Patrice Bergeron 17) at 18:15 (PP)
7. Rangers , Valtteri Filppula 4 (James Neal 18) at 19:16 (PP)
Penalties :
Darren Reid (NYR) for Roughing (Minor) at 1:07, James Neal (NYR) for Roughing (Minor) at 8:26, Darren Reid (NYR) for Roughing (Minor) at 14:02, Jaroslav Halak (TB.) for Attempt to injure (Major / Game Misconduct) at 16:48 - Danny Richmond served the penalty, Robert Nilsson (TB.) for Holding (Minor) at 18:39
3rd period
8. Lightning , Henrik Zetterberg 13 (Robert Nilsson 11, Jeff Schultz 7) at 17:52
9. Rangers , Milan Lucic 19 (Jakob Silfverberg 12, Cam Barker 10) at 18:32
Penalties :
Valtteri Filppula (NYR) for Roughing (Minor) at 5:35, Danny Richmond (TB.) for Hooking (Minor) at 14:31
Goalie Stats
Adam Munro (TB.), 14 saves from 18 shots - (0.778), L, 1-2-0, 23:12 minutes
Jaroslav Halak (TB.), 18 saves from 20 shots - (0.900), 36:48 minutes
Henrik Lundqvist (NYR), 34 saves from 37 shots - (0.919), W, 11-6-1, 60:00 minutes
Players Stats for Lightning
Player Name G A P +/- PIM S H SB GA TA FO MP PP MP PK MP
------------------------------------------------------------------------------------
Andy Rogers 0 0 0 0 0 0 1 0 0 0 0/0 16:06 1:01 4:47
Brent Burns 0 0 0 0 0 2 1 3 2 1 0/0 23:46 4:33 2:35
Daniel Carcillo 0 0 0 0 0 0 3 2 0 0 1/1 11:24 0:02 1:59
Danny Richmond 0 0 0 0 2 2 1 0 0 0 0/0 11:48 0:00 0:09
Henrik Zetterberg 2 1 3 2 2 9 0 0 1 0 0/2 21:00 6:14 1:32
Jeff Schultz 0 1 1 1 0 1 0 0 0 0 0/0 22:56 4:48 5:24
John Carlson 0 0 0 0 0 6 2 0 1 1 0/0 23:27 6:25 0:45
Jordan Nolan 1 1 2 2 0 1 1 0 0 0 7/16 19:17 5:38 0:08
Justin Schultz 0 0 0 1 0 2 3 0 0 1 0/0 22:49 7:01 1:38
Kris Versteeg 0 2 2 2 0 2 1 0 0 0 1/1 19:04 6:14 0:00
Loui Eriksson 0 0 0 0 0 2 0 0 1 0 0/1 16:06 0:02 4:52
Mikael Backlund 0 0 0 -1 0 1 1 0 0 1 0/3 8:15 0:00 1:15
Pierre-Luc Létourneau 0 0 0 -1 0 1 0 0 0 0 0/0 7:26 0:00 0:01
Pierre-Marc Bouchard 0 0 0 0 0 1 0 0 0 0 8/11 10:27 0:00 0:00
Reilly Smith 0 0 0 0 0 1 2 2 0 0 1/1 14:38 5:38 0:00
Robert Nilsson 0 1 1 0 2 2 3 0 0 0 15/25 19:54 6:14 4:53
Ryan Shannon 0 0 0 -1 0 0 2 0 0 0 0/1 7:19 0:02 0:00
Steve Bernier 0 0 0 0 0 4 0 0 0 0 0/1 15:59 5:38 0:00
Players Stats for Rangers
Player Name G A P +/- PIM S H SB GA TA FO MP PP MP PK MP
------------------------------------------------------------------------------------
Alexei Emelin 0 0 0 1 2 1 0 1 0 0 0/0 10:49 0:00 0:00
Artem Anisimov 0 0 0 -1 0 2 1 0 0 0 3/6 12:26 0:00 2:24
Cam Barker 0 2 2 0 0 3 1 3 0 1 0/0 30:03 5:47 7:07
Colten Teubert 0 0 0 0 0 0 0 1 0 0 0/0 10:26 0:00 0:00
Darren Reid 0 0 0 -1 4 0 2 0 0 1 0/0 10:16 0:10 0:00
Jakob Silfverberg 0 2 2 1 2 4 1 1 0 0 1/2 20:53 4:43 3:12
James Neal 2 2 4 1 2 4 1 0 1 0 0/0 16:52 2:51 3:21
Mark Fistric 0 2 2 0 0 1 1 2 0 0 0/0 30:03 5:47 7:07
Matt Greene 0 0 0 -1 0 0 0 1 0 1 0/0 19:31 1:52 4:47
Matt Read 0 0 0 -1 0 2 1 1 0 0 0/0 7:57 0:05 0:00
Mike Cammalleri 1 0 1 0 0 2 2 1 0 0 0/0 14:36 2:51 1:46
Milan Lucic 1 0 1 0 0 5 2 0 1 0 6/12 23:23 4:43 6:25
Nathan Gerbe 0 0 0 -1 0 3 1 0 0 0 0/0 9:33 0:00 0:00
Nick Foligno 0 0 0 -1 0 3 0 0 0 0 0/1 7:24 0:00 0:00
Patrice Bergeron 0 1 1 0 0 2 2 3 0 1 14/31 23:23 4:43 6:25
Sean Couturier 0 0 0 -1 0 1 1 0 1 0 2/4 7:42 0:00 0:15
Staffan Kronwall 0 0 0 -1 0 1 1 3 1 1 0/0 19:31 1:52 4:47
Valtteri Filppula 2 0 2 0 2 4 0 0 0 0 4/7 13:12 2:51 0:00
3 Stars
1 - James Neal (NYR)
2 - Henrik Zetterberg (TB.)
3 - Jordan Nolan (TB.)
Power Play
Lightning - 0 on 6 Attempt(s) - 0.00%
Rangers - 4 on 6 Attempt(s) - 66.67%
Penalty Kill
Lightning - 2 on 6 Attempt(s) - 33.33%
- Score 0 goal in Penalty Kill
Rangers - 6 on 6 Attempt(s) - 100.00%
- Score 0 goal in Penalty Kill
Team Stat
Lightning - Hits : 21 - Faceoff Wins : 33 - Blocked Shots : 7 - Penalty Minutes : 21
Rangers - Hits : 17 - Faceoff Wins : 30 - Blocked Shots : 17 - Penalty Minutes : 12
Official
Referees : Fraser Kerry and Leggo Mike
Linesman : Shane Heyer and Mark Shewchyk
Game Notes
Jaroslav Halak ejected from game at 16:48 of 2nd period
Adam Munro enters game at 16:48 of 2nd period
Jaroslav Halak from Lightning is suspended for 2 game(s)
Finance
Level 1 -- Attendance: 4809 (80.15%) -- Ticket Income $456,855
Level 2 -- Attendance: 3713 (74.26%) -- Ticket Income $222,780
Level 3 -- Attendance: 2000 (100.00%) -- Ticket Income $70,000
Level 4 -- Attendance: 3965 (99.13%) -- Ticket Income $99,125
Luxury Box -- Attendance: 786 (78.60%) -- Ticket Income $141,480
Game was played at the Madison Square Garden.
Total Attendance: 15273 (84.85%)
Total Ticket Income: $990,240
Other Income: $148,536
Total Income: $1,138,776
Lightning
5 vs 5 Forward
Center Left Wing Right Wing Time % Phy DF OF
1 Jordan Nolan Henrik Zetterberg Kris Versteeg 40 1 2 2
2 Robert Nilsson Daniel Carcillo Reilly Smith 25 1 2 2
3 Pierre-Marc Bouchard Loui Eriksson Steve Bernier 25 1 2 2
4 Mikael Backlund Pierre-Luc Létourneau Ryan Shannon 10 1 2 2
5 vs 5 Defense
Defense Defense Time % Phy DF OF
1 John Carlson Brent Burns 40 1 2 2
2 Jeff Schultz Justin Schultz 30 1 2 2
3 Andy Rogers Danny Richmond 20 1 2 2
4 John Carlson Brent Burns 10 1 2 2
PowerPlay Forward
Center Left Wing Right Wing Time % Phy DF OF
1 Robert Nilsson Henrik Zetterberg Kris Versteeg 60 1 2 2
2 Jordan Nolan Steve Bernier Reilly Smith 40 1 2 2
PowerPlay Defense
Defense Defense Time % Phy DF OF
1 Justin Schultz John Carlson 60 1 2 2
2 Brent Burns Jeff Schultz 40 1 2 2
Penalty Kill 4 Players Forward
Center Wing Time % Phy DF OF
1 Robert Nilsson Loui Eriksson 60 1 2 2
2 Mikael Backlund Daniel Carcillo 40 1 2 2
Penalty Kill 4 Players Defense
Defense Defense Time % Phy DF OF
1 Jeff Schultz Andy Rogers 60 1 2 2
2 Danny Richmond Brent Burns 40 1 2 2
Penalty Kill - 3 Players Forward
Forward Time % Phy DF OF
1 Henrik Zetterberg 60 1 2 2
2 Robert Nilsson 40 1 2 2
Penalty Kill - 3 Players Defense
Defense Defense Time % Phy DF OF
1 Jeff Schultz Brent Burns 60 1 2 2
2 Andy Rogers Danny Richmond 40 1 2 2
4 vs 4 Forward
Center Wing Time % Phy DF OF
1 Robert Nilsson Henrik Zetterberg 60 1 2 2
2 Jordan Nolan Reilly Smith 40 1 2 2
4 vs 4 Defense
Defense Defense Time % Phy DF OF
1 John Carlson Brent Burns 60 1 2 2
2 Danny Richmond Justin Schultz 40 1 2 2
Last Minutes Offensive
Center Left Wing Right Wing Defense Defense
Robert Nilsson Henrik Zetterberg Kris Versteeg John Carlson Brent Burns
Last Minutes Defensive
Center Left Wing Right Wing Defense Defense
Robert Nilsson Daniel Carcillo Loui Eriksson Jeff Schultz Andy Rogers
Goaltenders
Starting : Jaroslav Halak
Backup : Adam Munro
Extra Forwards
Normal : Daniel Carcillo, Reilly Smith, Kris Versteeg - PP : Daniel Carcillo, Reilly Smith - PK : Henrik Zetterberg
Extra Defensemen
Normal : Andy Rogers, Brent Burns, Danny Richmond - PP : Andy Rogers - PK : Justin Schultz, Andy Rogers
Penalty Shots
Henrik Zetterberg, Robert Nilsson, Pierre-Marc Bouchard, Kris Versteeg, Reilly Smith
Scratches
Sheldon Keefe (Healthy), Jaroslav Halak (Suspend)
Rangers
5 vs 5 Forward
Center Left Wing Right Wing Time % Phy DF OF
1 Patrice Bergeron Milan Lucic Jakob Silfverberg 40 1 2 2
2 Valtteri Filppula Mike Cammalleri James Neal 30 1 2 2
3 Artem Anisimov Nathan Gerbe Darren Reid 20 1 2 2
4 Sean Couturier Nick Foligno Matt Read 10 1 2 2
5 vs 5 Defense
Defense Defense Time % Phy DF OF
1 Cam Barker Mark Fistric 40 1 2 2
2 Matt Greene Staffan Kronwall 30 1 2 2
3 Alexei Emelin Colten Teubert 20 1 2 2
4 Cam Barker Mark Fistric 10 1 2 2
PowerPlay Forward
Center Left Wing Right Wing Time % Phy DF OF
1 Patrice Bergeron Milan Lucic Jakob Silfverberg 60 1 2 2
2 Valtteri Filppula Mike Cammalleri James Neal 40 1 2 2
PowerPlay Defense
Defense Defense Time % Phy DF OF
1 Cam Barker Mark Fistric 60 1 2 2
2 Matt Greene Staffan Kronwall 40 1 2 2
Penalty Kill 4 Players Forward
Center Wing Time % Phy DF OF
1 Milan Lucic Patrice Bergeron 60 1 2 2
2 Jakob Silfverberg James Neal 40 1 2 2
Penalty Kill 4 Players Defense
Defense Defense Time % Phy DF OF
1 Cam Barker Mark Fistric 60 1 2 2
2 Matt Greene Staffan Kronwall 40 1 2 2
Penalty Kill - 3 Players Forward
Forward Time % Phy DF OF
1 Milan Lucic 60 1 2 2
2 Patrice Bergeron 40 1 2 2
Penalty Kill - 3 Players Defense
Defense Defense Time % Phy DF OF
1 Cam Barker Mark Fistric 60 1 2 2
2 Matt Greene Staffan Kronwall 40 1 2 2
4 vs 4 Forward
Center Wing Time % Phy DF OF
1 Milan Lucic Patrice Bergeron 60 1 2 2
2 Jakob Silfverberg James Neal 40 1 2 2
4 vs 4 Defense
Defense Defense Time % Phy DF OF
1 Cam Barker Mark Fistric 60 1 2 2
2 Matt Greene Staffan Kronwall 40 1 2 2
Last Minutes Offensive
Center Left Wing Right Wing Defense Defense
Patrice Bergeron Milan Lucic Jakob Silfverberg Cam Barker Mark Fistric
Last Minutes Defensive
Center Left Wing Right Wing Defense Defense
Patrice Bergeron Milan Lucic Jakob Silfverberg Cam Barker Mark Fistric
Goaltenders
Starting : Henrik Lundqvist
Backup : Braden Holtby
Extra Forwards
Normal : Darren Reid, Matt Read, Artem Anisimov - PP : Darren Reid, Matt Read - PK : Artem Anisimov
Extra Defensemen
Normal : Alexei Emelin, Colten Teubert, Matt Greene - PP : Alexei Emelin - PK : Colten Teubert, Matt Greene
Penalty Shots
Milan Lucic, Patrice Bergeron, Jakob Silfverberg, James Neal, Mike Cammalleri
Scratches
Ryan Suter (Suspend), Stephen Weiss (Sports Hernia Injury)
% Time on Ice - Lightning
Lines # - Real PCT - Wanted PCT - Time Play
Normal Forward
1 - 35% - 40% - 14:00
2 - 22% - 25% - 9:00
3 - 26% - 25% - 10:27
4 - 17% - 10% - 7:00
Normal Defense
1 - 40% - 40% - 16:14
2 - 35% - 30% - 14:04
3 - 24% - 20% - 9:53
4 - 1% - 10% - 0:16
PP Forward
1 - 53% - 60% - 6:16
2 - 47% - 40% - 5:38
PP Defense
1 - 60% - 60% - 7:06
2 - 40% - 40% - 4:48
PK Forward
1 - 82% - 60% - 5:47
2 - 18% - 40% - 1:15
PK Defense
1 - 60% - 60% - 4:15
2 - 40% - 40% - 2:47
PK3 Forward
1 - 100% - 60% - 0:37
2 - 0% - 40% - 0:00
PK3 Defense
1 - 100% - 60% - 0:37
2 - 0% - 40% - 0:00
44 Forward
1 - 0% - 60%
2 - 0% - 40%
44 Defense
1 - 0% - 60%
2 - 0% - 40%
Last Minute Offensive - 0:00
Last Minute Defensive - 0:00
Total
Forward - 60:00
Defense - 60:00
|
% Time on Ice - Rangers
Lines # - Real PCT - Wanted PCT - Time Play
Normal Forward
1 - 32% - 40% - 12:52
2 - 26% - 30% - 10:38
3 - 24% - 20% - 9:33
4 - 18% - 10% - 7:24
Normal Defense
1 - 40% - 40% - 16:01
2 - 32% - 30% - 12:52
3 - 26% - 20% - 10:26
4 - 3% - 10% - 1:08
PP Forward
1 - 63% - 60% - 4:48
2 - 37% - 40% - 2:51
PP Defense
1 - 76% - 60% - 5:47
2 - 24% - 40% - 1:52
PK Forward
1 - 67% - 60% - 7:55
2 - 33% - 40% - 3:59
PK Defense
1 - 60% - 60% - 7:07
2 - 40% - 40% - 4:47
PK3 Forward
1 - 0% - 60%
2 - 0% - 40%
PK3 Defense
1 - 0% - 60%
2 - 0% - 40%
44 Forward
1 - 0% - 60%
2 - 0% - 40%
44 Defense
1 - 0% - 60%
2 - 0% - 40%
Last Minute Offensive - 0:00
Last Minute Defensive - 0:00
Total
Forward - 60:00
Defense - 60:00
|
Play by Play
1st period
0:01 of 1st period - Patrice Bergeron wins face-off versus Jordan Nolan in neutral zone.
1:52 of 1st period - Off-side.
1:53 of 1st period - Robert Nilsson wins face-off versus Valtteri Filppula in neutral zone.
2:24 of 1st period - Snap shot by Nick Foligno.
2:24 of 1st period - Stopped by Jaroslav Halak with a rebound.
2:26 of 1st period - Wrist shot by Alexei Emelin.
2:26 of 1st period - Stopped by Jaroslav Halak without a rebound.
2:27 of 1st period - Patrice Bergeron wins face-off versus Pierre-Marc Bouchard in Lightning zone.
2:34 of 1st period - Snap shot by Patrice Bergeron.
2:34 of 1st period - Stopped by Jaroslav Halak with a rebound.
3:05 of 1st period - Wrist shot by John Carlson.
3:05 of 1st period - Stopped by Henrik Lundqvist without a rebound.
3:06 of 1st period - Robert Nilsson wins face-off versus Patrice Bergeron in Rangers zone.
3:21 of 1st period - Wrist shot by Daniel Carcillo.
3:21 of 1st period - Shot Blocked by Colten Teubert.
3:33 of 1st period - Danny Richmond is hit by Mike Cammalleri and loses puck.
3:50 of 1st period - Minor Penalty to Alexei Emelin for Tripping.
3:51 of 1st period - Robert Nilsson wins face-off versus Milan Lucic in Rangers zone.
5:03 of 1st period - Off-side.
5:04 of 1st period - Artem Anisimov wins face-off versus Jordan Nolan in neutral zone.
5:06 of 1st period - Off-side.
5:07 of 1st period - Reilly Smith wins face-off versus Artem Anisimov in neutral zone.
5:12 of 1st period - Snap shot by Steve Bernier.
5:12 of 1st period - Stopped by Henrik Lundqvist with a rebound.
5:14 of 1st period - Wrist shot by Jordan Nolan.
5:14 of 1st period - Shot Misses the Net.
5:16 of 1st period - Slapshot by John Carlson.
5:16 of 1st period - Stopped by Henrik Lundqvist without a rebound.
5:17 of 1st period - Robert Nilsson wins face-off versus Milan Lucic in Rangers zone.
5:24 of 1st period - Wrist shot by Kris Versteeg.
5:24 of 1st period - Shot Misses the Net.
5:50 of 1st period - Penalty to Alexei Emelin is over, Alexei Emelin is back on ice.
6:13 of 1st period - Snap shot by James Neal.
6:13 of 1st period - Goal by James Neal - Lightning : 0 - Rangers : 1.
6:14 of 1st period - Pierre-Marc Bouchard wins face-off versus Patrice Bergeron in neutral zone.
6:21 of 1st period - Wrist shot by Steve Bernier.
6:21 of 1st period - Shot Blocked by Staffan Kronwall.
6:41 of 1st period - Mike Cammalleri is hit by John Carlson and loses puck.
6:46 of 1st period - Wrist shot by Henrik Zetterberg.
6:46 of 1st period - Shot Misses the Net.
6:48 of 1st period - Snap shot by Justin Schultz.
6:48 of 1st period - Shot Blocked by Staffan Kronwall.
7:08 of 1st period - Slapshot by Danny Richmond.
7:08 of 1st period - Stopped by Henrik Lundqvist without a rebound.
7:09 of 1st period - Milan Lucic wins face-off versus Ryan Shannon in Rangers zone.
7:11 of 1st period - Icing by Patrice Bergeron.
7:12 of 1st period - Pierre-Marc Bouchard wins face-off versus Patrice Bergeron in Rangers zone.
7:53 of 1st period - Cam Barker is hit by Reilly Smith and loses puck.
8:14 of 1st period - Snap shot by Mike Cammalleri.
8:14 of 1st period - Shot Misses the Net.
8:16 of 1st period - Snap shot by Mike Cammalleri.
8:16 of 1st period - Stopped by Jaroslav Halak without a rebound.
8:17 of 1st period - Milan Lucic wins face-off versus Steve Bernier in Lightning zone.
8:26 of 1st period - Wrist shot by Jakob Silfverberg.
8:26 of 1st period - Shot Blocked by Brent Burns.
8:44 of 1st period - Henrik Zetterberg is hit by Staffan Kronwall and loses puck.
9:11 of 1st period - Wrist shot by Robert Nilsson.
9:11 of 1st period - Stopped by Henrik Lundqvist without a rebound.
9:12 of 1st period - Patrice Bergeron wins face-off versus Robert Nilsson in Rangers zone.
9:20 of 1st period - Off-side.
9:21 of 1st period - Robert Nilsson wins face-off versus Patrice Bergeron in neutral zone.
9:28 of 1st period - Wrist shot by Daniel Carcillo.
9:28 of 1st period - Shot Misses the Net.
9:30 of 1st period - Slapshot by Robert Nilsson.
9:30 of 1st period - Shot Blocked by Mark Fistric.
9:32 of 1st period - Slapshot by Justin Schultz.
9:32 of 1st period - Stopped by Henrik Lundqvist without a rebound.
9:33 of 1st period - Jordan Nolan wins face-off versus Patrice Bergeron in Rangers zone.
9:34 of 1st period - Slapshot by Henrik Zetterberg.
9:34 of 1st period - Shot Blocked by Patrice Bergeron.
9:42 of 1st period - Snap shot by Jakob Silfverberg.
9:42 of 1st period - Stopped by Jaroslav Halak without a rebound.
9:43 of 1st period - Patrice Bergeron wins face-off versus Jordan Nolan in Lightning zone.
9:51 of 1st period - Minor Penalty to Henrik Zetterberg for Hooking.
9:52 of 1st period - Patrice Bergeron wins face-off versus Robert Nilsson in Lightning zone.
9:56 of 1st period - Wrist shot by Milan Lucic.
9:56 of 1st period - Stopped by Jaroslav Halak without a rebound.
9:57 of 1st period - Patrice Bergeron wins face-off versus Robert Nilsson in Lightning zone.
10:32 of 1st period - Slapshot by Mike Cammalleri.
10:32 of 1st period - Goal by Mike Cammalleri - Lightning : 0 - Rangers : 2.
10:33 of 1st period - Jordan Nolan wins face-off versus Patrice Bergeron in neutral zone.
10:48 of 1st period - Snap shot by Kris Versteeg.
10:48 of 1st period - Stopped by Henrik Lundqvist with a rebound.
11:41 of 1st period - Sean Couturier is hit by Robert Nilsson and loses puck.
12:09 of 1st period - Off-side.
12:10 of 1st period - Jordan Nolan wins face-off versus Patrice Bergeron in neutral zone.
12:24 of 1st period - Minor Penalty to Jakob Silfverberg for Holding.
12:25 of 1st period - Robert Nilsson wins face-off versus Milan Lucic in Rangers zone.
12:27 of 1st period - Backhand shot by John Carlson.
12:27 of 1st period - Stopped by Henrik Lundqvist with a rebound.
12:29 of 1st period - Slapshot by John Carlson.
12:29 of 1st period - Stopped by Henrik Lundqvist without a rebound.
12:30 of 1st period - Milan Lucic wins face-off versus Robert Nilsson in Rangers zone.
12:39 of 1st period - Slapshot by Henrik Zetterberg.
12:39 of 1st period - Stopped by Henrik Lundqvist with a rebound.
12:41 of 1st period - Snap shot by John Carlson.
12:41 of 1st period - Stopped by Henrik Lundqvist without a rebound.
12:42 of 1st period - Robert Nilsson wins face-off versus Milan Lucic in Rangers zone.
13:13 of 1st period - Slapshot by Steve Bernier.
13:13 of 1st period - Stopped by Henrik Lundqvist with a rebound.
14:24 of 1st period - Penalty to Jakob Silfverberg is over, Jakob Silfverberg is back on ice.
14:46 of 1st period - Snap shot by James Neal.
14:46 of 1st period - Deflect By Jakob Silfverberg.
14:46 of 1st period - Stopped by Jaroslav Halak without a rebound.
14:47 of 1st period - Pierre-Marc Bouchard wins face-off versus Nick Foligno in Lightning zone.
15:25 of 1st period - Jordan Nolan is hit by Matt Read and loses puck.
15:32 of 1st period - Nick Foligno is hit by Jordan Nolan and loses puck.
15:43 of 1st period - Mike Cammalleri is hit by Daniel Carcillo and loses puck.
15:52 of 1st period - Wrist shot by Reilly Smith.
15:52 of 1st period - Stopped by Henrik Lundqvist with a rebound.
16:22 of 1st period - Icing by Milan Lucic.
16:23 of 1st period - Artem Anisimov wins face-off versus Mikael Backlund in Rangers zone.
16:28 of 1st period - Slapshot by Danny Richmond.
16:28 of 1st period - Shot Blocked by Staffan Kronwall.
16:48 of 1st period - Snap shot by Artem Anisimov.
16:48 of 1st period - Stopped by Jaroslav Halak without a rebound.
16:49 of 1st period - Patrice Bergeron wins face-off versus Henrik Zetterberg in Lightning zone.
17:10 of 1st period - Snap shot by Henrik Zetterberg.
17:10 of 1st period - Stopped by Henrik Lundqvist with a rebound.
17:12 of 1st period - Slapshot by Brent Burns.
17:12 of 1st period - Stopped by Henrik Lundqvist with a rebound.
17:14 of 1st period - Snap shot by Jeff Schultz.
17:14 of 1st period - Shot Blocked by Jakob Silfverberg.
17:16 of 1st period - Snap shot by Kris Versteeg.
17:16 of 1st period - Shot Blocked by Mark Fistric.
17:18 of 1st period - Slapshot by Jordan Nolan.
17:18 of 1st period - Deflect By Henrik Zetterberg.
17:18 of 1st period - Stopped by Henrik Lundqvist with a rebound.
17:20 of 1st period - Snap shot by Henrik Zetterberg.
17:20 of 1st period - Shot Misses the Net.
17:22 of 1st period - Slapshot by Justin Schultz.
17:22 of 1st period - Stopped by Henrik Lundqvist with a rebound.
17:48 of 1st period - Wrist shot by Jordan Nolan.
17:48 of 1st period - Goal by Jordan Nolan - Lightning : 1 - Rangers : 2.
17:49 of 1st period - Pierre-Marc Bouchard wins face-off versus Valtteri Filppula in neutral zone.
17:58 of 1st period - Slapshot by John Carlson.
17:58 of 1st period - Deflect By Pierre-Marc Bouchard.
17:58 of 1st period - Shot Misses the Net.
17:58 of 1st period - Puck is out of play.
17:59 of 1st period - Pierre-Marc Bouchard wins face-off versus Valtteri Filppula in Rangers zone.
18:19 of 1st period - Off-side.
18:20 of 1st period - Patrice Bergeron wins face-off versus Jordan Nolan in neutral zone.
18:25 of 1st period - Wrist shot by Milan Lucic.
18:25 of 1st period - Stopped by Jaroslav Halak without a rebound.
18:26 of 1st period - Jordan Nolan wins face-off versus Patrice Bergeron in Lightning zone.
18:26 of 1st period - Jordan Nolan is hit by Patrice Bergeron.
18:36 of 1st period - Snap shot by Henrik Zetterberg.
18:36 of 1st period - Stopped by Henrik Lundqvist with a rebound.
19:01 of 1st period - Wrist shot by Robert Nilsson.
19:01 of 1st period - Shot Blocked by Mike Cammalleri.
19:11 of 1st period - Slapshot by James Neal.
19:11 of 1st period - Stopped by Jaroslav Halak without a rebound.
19:12 of 1st period - Artem Anisimov wins face-off versus Loui Eriksson in Lightning zone.
Goals for this period are 1 for Lightning vs 2 for Rangers.
Shots for this period are 19 for Lightning vs 12 for Rangers.
2nd period
0:01 of 2nd period - Patrice Bergeron wins face-off versus Robert Nilsson in neutral zone.
0:04 of 2nd period - Robert Nilsson is hit by Patrice Bergeron and loses puck.
0:09 of 2nd period - Wrist shot by Milan Lucic.
0:09 of 2nd period - Shot Blocked by Reilly Smith.
0:11 of 2nd period - Snap shot by Cam Barker.
0:11 of 2nd period - Stopped by Jaroslav Halak with a rebound.
0:13 of 2nd period - Slapshot by Mark Fistric.
0:13 of 2nd period - Shot Blocked by Daniel Carcillo.
1:07 of 2nd period - Minor Penalty to Darren Reid for Roughing.
1:08 of 2nd period - Robert Nilsson wins face-off versus Milan Lucic in Rangers zone.
1:21 of 2nd period - Mark Fistric is hit by Justin Schultz and loses puck.
2:06 of 2nd period - Slapshot by Brent Burns.
2:06 of 2nd period - Deflect By Steve Bernier.
2:06 of 2nd period - Stopped by Henrik Lundqvist without a rebound.
2:07 of 2nd period - Jordan Nolan wins face-off versus Jakob Silfverberg in Rangers zone.
3:07 of 2nd period - Penalty to Darren Reid is over, Darren Reid is back on ice.
3:18 of 2nd period - Slapshot by Cam Barker.
3:18 of 2nd period - Stopped by Jaroslav Halak with a rebound.
3:20 of 2nd period - Slapshot by Cam Barker.
3:20 of 2nd period - Stopped by Jaroslav Halak with a rebound.
3:22 of 2nd period - Slapshot by Mark Fistric.
3:22 of 2nd period - Stopped by Jaroslav Halak with a rebound.
3:28 of 2nd period - Slapshot by Matt Read.
3:28 of 2nd period - Stopped by Jaroslav Halak without a rebound.
3:29 of 2nd period - Valtteri Filppula wins face-off versus Mikael Backlund in Lightning zone.
4:03 of 2nd period - Backhand shot by Steve Bernier.
4:03 of 2nd period - Stopped by Henrik Lundqvist with a rebound.
4:25 of 2nd period - Snap shot by Patrice Bergeron.
4:25 of 2nd period - Shot Blocked by Reilly Smith.
4:41 of 2nd period - Snap shot by Jordan Nolan.
4:41 of 2nd period - Shot Blocked by Matt Read.
4:43 of 2nd period - Slapshot by Kris Versteeg.
4:43 of 2nd period - Stopped by Henrik Lundqvist with a rebound.
4:45 of 2nd period - Snap shot by Henrik Zetterberg.
4:45 of 2nd period - Goal by Henrik Zetterberg - Lightning : 2 - Rangers : 2.
4:46 of 2nd period - Patrice Bergeron wins face-off versus Jordan Nolan in neutral zone.
4:48 of 2nd period - Off-side.
4:49 of 2nd period - Kris Versteeg wins face-off versus Patrice Bergeron in neutral zone.
5:09 of 2nd period - Icing by John Carlson.
5:10 of 2nd period - Valtteri Filppula wins face-off versus Jordan Nolan in Lightning zone.
5:25 of 2nd period - Wrist shot by James Neal.
5:25 of 2nd period - Shot Blocked by Brent Burns.
5:41 of 2nd period - Snap shot by Robert Nilsson.
5:41 of 2nd period - Stopped by Henrik Lundqvist with a rebound.
6:17 of 2nd period - Backhand shot by Nick Foligno.
6:17 of 2nd period - Stopped by Jaroslav Halak with a rebound.
6:53 of 2nd period - Cam Barker is hit by Robert Nilsson and loses puck.
7:12 of 2nd period - Pierre-Marc Bouchard is hit by Darren Reid and loses puck.
7:41 of 2nd period - Snap shot by Valtteri Filppula.
7:41 of 2nd period - Stopped by Jaroslav Halak without a rebound.
7:42 of 2nd period - Milan Lucic wins face-off versus Jordan Nolan in Lightning zone.
8:26 of 2nd period - Minor Penalty to James Neal for Roughing.
8:27 of 2nd period - Milan Lucic wins face-off versus Robert Nilsson in Rangers zone.
10:02 of 2nd period - Reilly Smith is hit by Artem Anisimov and loses puck.
10:26 of 2nd period - Penalty to James Neal is over, James Neal is back on ice.
10:34 of 2nd period - Alexei Emelin is hit by Mikael Backlund.
10:51 of 2nd period - Icing by Colten Teubert.
10:52 of 2nd period - Daniel Carcillo wins face-off versus Artem Anisimov in Rangers zone.
11:10 of 2nd period - Icing by Alexei Emelin.
11:11 of 2nd period - Pierre-Marc Bouchard wins face-off versus Sean Couturier in Rangers zone.
11:14 of 2nd period - Slapshot by John Carlson.
11:14 of 2nd period - Shot Blocked by Alexei Emelin.
11:16 of 2nd period - Slapshot by Loui Eriksson.
11:16 of 2nd period - Stopped by Henrik Lundqvist without a rebound.
11:17 of 2nd period - Pierre-Marc Bouchard wins face-off versus Sean Couturier in Rangers zone.
11:30 of 2nd period - Slapshot by Pierre-Marc Bouchard.
11:30 of 2nd period - Shot Blocked by Cam Barker.
11:32 of 2nd period - Snap shot by Pierre-Marc Bouchard.
11:32 of 2nd period - Stopped by Henrik Lundqvist with a rebound.
11:34 of 2nd period - Wrist shot by Brent Burns.
11:34 of 2nd period - Stopped by Henrik Lundqvist without a rebound.
11:35 of 2nd period - Patrice Bergeron wins face-off versus Jordan Nolan in Rangers zone.
11:35 of 2nd period - Patrice Bergeron is hit by Kris Versteeg.
13:06 of 2nd period - Snap shot by Kris Versteeg.
13:06 of 2nd period - Shot Misses the Net.
13:56 of 2nd period - Slapshot by Pierre-Marc Bouchard.
13:56 of 2nd period - Shot Blocked by Matt Greene.
14:02 of 2nd period - Minor Penalty to Darren Reid for Roughing.
14:03 of 2nd period - Milan Lucic wins face-off versus Robert Nilsson in Rangers zone.
15:55 of 2nd period - Andy Rogers is hit by Jakob Silfverberg and loses puck.
16:02 of 2nd period - Penalty to Darren Reid is over, Darren Reid is back on ice.
16:32 of 2nd period - Nathan Gerbe is hit by Danny Richmond and loses puck.
16:48 of 2nd period - Snap shot by James Neal.
16:48 of 2nd period - Stopped by Jaroslav Halak without a rebound.
16:48 of 2nd period - Major / Game Misconduct Penalty to Jaroslav Halak for Attempt to injure.
16:48 of 2nd period - Jaroslav Halak is ejected from game.
16:48 of 2nd period - Adam Munro enters game.
16:49 of 2nd period - Robert Nilsson wins face-off versus Patrice Bergeron in Lightning zone.
17:20 of 2nd period - Slapshot by Mark Fistric.
17:20 of 2nd period - Shot Blocked by Brent Burns.
17:22 of 2nd period - Snap shot by Valtteri Filppula.
17:22 of 2nd period - Goal by Valtteri Filppula - Lightning : 2 - Rangers : 3.
17:23 of 2nd period - Robert Nilsson wins face-off versus Patrice Bergeron in neutral zone.
17:28 of 2nd period - Slapshot by Jeff Schultz.
17:28 of 2nd period - Stopped by Henrik Lundqvist without a rebound.
17:29 of 2nd period - Robert Nilsson wins face-off versus Patrice Bergeron in Rangers zone.
17:45 of 2nd period - Icing by Patrice Bergeron.
17:46 of 2nd period - Robert Nilsson wins face-off versus Patrice Bergeron in Rangers zone.
18:01 of 2nd period - Wrist shot by Jakob Silfverberg.
18:01 of 2nd period - Stopped by Adam Munro with a rebound.
18:15 of 2nd period - Slapshot by James Neal.
18:15 of 2nd period - Goal by James Neal - Lightning : 2 - Rangers : 4.
18:16 of 2nd period - Robert Nilsson wins face-off versus Patrice Bergeron in neutral zone.
18:39 of 2nd period - Minor Penalty to Robert Nilsson for Holding.
18:40 of 2nd period - Patrice Bergeron wins face-off versus Henrik Zetterberg in Lightning zone.
18:43 of 2nd period - Wrist shot by Milan Lucic.
18:43 of 2nd period - Stopped by Adam Munro with a rebound.
19:07 of 2nd period - Henrik Zetterberg is hit by James Neal and loses puck.
19:16 of 2nd period - Snap shot by Valtteri Filppula.
19:16 of 2nd period - Goal by Valtteri Filppula - Lightning : 2 - Rangers : 5.
19:17 of 2nd period - Robert Nilsson wins face-off versus Patrice Bergeron in neutral zone.
Goals for this period are 1 for Lightning vs 3 for Rangers.
Shots for this period are 9 for Lightning vs 13 for Rangers.
3rd period
0:01 of 3rd period - Patrice Bergeron wins face-off versus Robert Nilsson in neutral zone.
1:42 of 3rd period - Jakob Silfverberg is hit by Daniel Carcillo and loses puck.
1:48 of 3rd period - Penalty to Danny Richmond is over, Danny Richmond is back on ice.
1:53 of 3rd period - Andy Rogers is hit by Nathan Gerbe and loses puck.
2:05 of 3rd period - Darren Reid is hit by Brent Burns and loses puck.
2:26 of 3rd period - Snap shot by Nick Foligno.
2:26 of 3rd period - Stopped by Adam Munro with a rebound.
3:54 of 3rd period - Snap shot by Darren Reid.
3:54 of 3rd period - Shot Hit the Post.
4:00 of 3rd period - Artem Anisimov is hit by Justin Schultz and loses puck.
4:16 of 3rd period - Slapshot by Danny Richmond.
4:16 of 3rd period - Stopped by Henrik Lundqvist without a rebound.
4:17 of 3rd period - Sean Couturier wins face-off versus Robert Nilsson in Rangers zone.
4:17 of 3rd period - Sean Couturier is hit by John Carlson.
4:43 of 3rd period - Danny Richmond is hit by Milan Lucic and loses puck.
4:48 of 3rd period - Snap shot by Milan Lucic.
4:48 of 3rd period - Deflect By Jakob Silfverberg.
4:48 of 3rd period - Stopped by Adam Munro with a rebound.
4:50 of 3rd period - Snap shot by Staffan Kronwall.
4:50 of 3rd period - Stopped by Adam Munro with a rebound.
4:52 of 3rd period - Wrist shot by Milan Lucic.
4:52 of 3rd period - Stopped by Adam Munro with a rebound.
4:54 of 3rd period - Slapshot by Patrice Bergeron.
4:54 of 3rd period - Stopped by Adam Munro without a rebound.
4:55 of 3rd period - Valtteri Filppula wins face-off versus Pierre-Marc Bouchard in Lightning zone.
5:04 of 3rd period - Wrist shot by Valtteri Filppula.
5:04 of 3rd period - Stopped by Adam Munro without a rebound.
5:05 of 3rd period - Valtteri Filppula wins face-off versus Pierre-Marc Bouchard in Lightning zone.
5:12 of 3rd period - Wrist shot by Valtteri Filppula.
5:12 of 3rd period - Shot Misses the Net.
5:14 of 3rd period - Slapshot by Cam Barker.
5:14 of 3rd period - Shot Misses the Net.
5:16 of 3rd period - Slapshot by James Neal.
5:16 of 3rd period - Shot Misses the Net.
5:35 of 3rd period - Minor Penalty to Valtteri Filppula for Roughing.
5:36 of 3rd period - Robert Nilsson wins face-off versus Milan Lucic in Rangers zone.
5:51 of 3rd period - Snap shot by Henrik Zetterberg.
5:51 of 3rd period - Stopped by Henrik Lundqvist with a rebound.
5:53 of 3rd period - Snap shot by Kris Versteeg.
5:53 of 3rd period - Shot Blocked by Patrice Bergeron.
7:35 of 3rd period - Penalty to Valtteri Filppula is over, Valtteri Filppula is back on ice.
7:46 of 3rd period - Wrist shot by Loui Eriksson.
7:46 of 3rd period - Stopped by Henrik Lundqvist with a rebound.
8:00 of 3rd period - Snap shot by Ryan Shannon.
8:00 of 3rd period - Shot Misses the Net.
8:02 of 3rd period - Snap shot by Pierre-Luc Létourneau.
8:02 of 3rd period - Stopped by Henrik Lundqvist with a rebound.
8:26 of 3rd period - Matt Read is hit by Robert Nilsson and loses puck.
8:33 of 3rd period - Staffan Kronwall is hit by Andy Rogers and loses puck.
9:14 of 3rd period - Wrist shot by Nathan Gerbe.
9:14 of 3rd period - Stopped by Adam Munro with a rebound.
9:16 of 3rd period - Slapshot by Nathan Gerbe.
9:16 of 3rd period - Deflect By Artem Anisimov.
9:16 of 3rd period - Stopped by Adam Munro with a rebound.
9:18 of 3rd period - Wrist shot by Artem Anisimov.
9:18 of 3rd period - Shot Misses the Net.
9:36 of 3rd period - Wrist shot by Mikael Backlund.
9:36 of 3rd period - Stopped by Henrik Lundqvist with a rebound.
9:52 of 3rd period - Wrist shot by Henrik Zetterberg.
9:52 of 3rd period - Shot Misses the Net.
10:38 of 3rd period - Andy Rogers is hit by Darren Reid and loses puck.
11:16 of 3rd period - Slapshot by Andy Rogers.
11:16 of 3rd period - Shot Blocked by Patrice Bergeron.
11:28 of 3rd period - Mike Cammalleri is hit by Reilly Smith and loses puck.
12:09 of 3rd period - Brent Burns is hit by Milan Lucic and loses puck.
12:29 of 3rd period - James Neal is hit by Ryan Shannon and loses puck.
12:48 of 3rd period - Colten Teubert is hit by Daniel Carcillo and loses puck.
13:13 of 3rd period - Snap shot by Nathan Gerbe.
13:13 of 3rd period - Stopped by Adam Munro with a rebound.
13:15 of 3rd period - Snap shot by Nathan Gerbe.
13:15 of 3rd period - Stopped by Adam Munro with a rebound.
13:50 of 3rd period - Kris Versteeg is hit by Mark Fistric and loses puck.
14:21 of 3rd period - Wrist shot by Matt Read.
14:21 of 3rd period - Stopped by Adam Munro with a rebound.
14:23 of 3rd period - Slapshot by Sean Couturier.
14:23 of 3rd period - Stopped by Adam Munro with a rebound.
14:25 of 3rd period - Wrist shot by Nick Foligno.
14:25 of 3rd period - Shot Blocked by Daniel Carcillo.
14:31 of 3rd period - Minor Penalty to Danny Richmond for Hooking.
14:32 of 3rd period - Patrice Bergeron wins face-off versus Robert Nilsson in Lightning zone.
15:11 of 3rd period - Andy Rogers is hit by Mike Cammalleri and loses puck.
16:31 of 3rd period - Penalty to Danny Richmond is over, Danny Richmond is back on ice.
16:48 of 3rd period - Wrist shot by Danny Richmond.
16:48 of 3rd period - Shot Misses the Net.
16:50 of 3rd period - Slapshot by Justin Schultz.
16:50 of 3rd period - Shot Blocked by Cam Barker.
16:56 of 3rd period - Wrist shot by John Carlson.
16:56 of 3rd period - Stopped by Henrik Lundqvist with a rebound.
16:58 of 3rd period - Backhand shot by Justin Schultz.
16:58 of 3rd period - Deflect By Danny Richmond.
16:58 of 3rd period - Shot Misses the Net.
16:58 of 3rd period - Puck is out of play.
16:59 of 3rd period - Sean Couturier wins face-off versus Mikael Backlund in Rangers zone.
17:04 of 3rd period - Andy Rogers is hit by Sean Couturier and loses puck.
17:11 of 3rd period - Colten Teubert is hit by Ryan Shannon and loses puck.
17:33 of 3rd period - James Neal is hit by Justin Schultz.
17:52 of 3rd period - Snap shot by Henrik Zetterberg.
17:52 of 3rd period - Goal by Henrik Zetterberg - Lightning : 3 - Rangers : 5.
17:53 of 3rd period - Pierre-Marc Bouchard wins face-off versus Artem Anisimov in neutral zone.
18:04 of 3rd period - Pierre-Marc Bouchard is hit by Cam Barker and loses puck.
18:26 of 3rd period - Slapshot by Jeff Schultz.
18:26 of 3rd period - Shot Blocked by Cam Barker.
18:32 of 3rd period - Wrist shot by Milan Lucic.
18:32 of 3rd period - Goal by Milan Lucic - Lightning : 3 - Rangers : 6.
18:33 of 3rd period - Jakob Silfverberg wins face-off versus Jordan Nolan in neutral zone.
19:51 of 3rd period - Snap shot by Henrik Zetterberg.
19:51 of 3rd period - Stopped by Henrik Lundqvist without a rebound.
19:52 of 3rd period - Jordan Nolan wins face-off versus Patrice Bergeron in Rangers zone.
19:55 of 3rd period - Wrist shot by Henrik Zetterberg.
19:55 of 3rd period - Stopped by Henrik Lundqvist without a rebound.
19:56 of 3rd period - Jordan Nolan wins face-off versus Patrice Bergeron in Rangers zone.
Goals for this period are 1 for Lightning vs 1 for Rangers.
Shots for this period are 9 for Lightning vs 13 for Rangers.
Back to the Top